 Dungeon Crawl Stone Soup version 0.27.1-1-g398f81649c (webtiles) character file.

Game seed: 2873097880166850822

3460 Metae the Protected (level 9, -13/83 HPs)
             Began as a Minotaur Fighter on Sept 15, 2021.
             Was an Initiate of Nemelex Xobeh.
             Shot with an arrow by a centaur warrior (18 damage)
             ... on level 8 of the Dungeon.
             The game lasted 00:30:44 (9375 turns).

Metae the Protected (Minotaur Fighter)              Turns: 9375, Time: 00:30:45

Health: -13/83     AC: 19    Str: 24    XL:     9   Next: 78%
Magic:  8/8        EV:  6    Int:  5    God:    Nemelex Xobeh [......]
Gold:   526        SH: 11    Dex: 10    Spells: 8/8 levels left

rFire    . . .     SeeInvis .   y - +1 war axe (elec)
rCold    + . .     Faith    .   c - +0 kite shield
rNeg     . . .     Spirit   .   j - +1 plate armour {rC+}
rPois    .         Reflect  .   (helmet restricted)
rElec    .         Harm     .   u - +0 cloak
rCorr    .         Rampage  .   b - +0 pair of gloves
Will     .....                  n - +0 pair of boots
Stlth    ..........             (no amulet)
HPRegen  0.23/turn              (no ring)
MPRegen  0.11/turn              (no ring)

@: no status effects
A: horns 2, retaliatory headbutt
a: Renounce Religion, Draw Escape, Draw Destruction, Draw Summoning


You were on level 8 of the Dungeon.
You worshipped Nemelex Xobeh.
Nemelex Xobeh was noncommittal.
You visited 2 branches of the dungeon, and saw 9 of its levels.

You collected 526 gold pieces.

Inventory:

Hand Weapons
 a - a +0 trident
 k - a +5 broad axe
 y - a +1 war axe of electrocution (weapon)
Missiles
 f - 210 stones (quivered)
Armour
 b - a +0 pair of gloves (worn)
 c - a +0 kite shield (worn)
 j - a +1 plate armour of cold resistance (worn)
 n - a +0 pair of boots (worn)
 u - a +0 cloak (worn)
 v - the +0 plate armour of Boredom {rC- Int+8 Dex+3 Stlth-}
   (You found it on level 5 of the Dungeon)

   Int:       It affects your intelligence (+8).
   Dex:       It affects your dexterity (+3).
   rC:        It makes you vulnerable to cold.
   Stlth:     It makes you less stealthy.
Wands
 o - a wand of digging (3)
Scrolls
 g - 4 scrolls of teleportation
 m - 2 scrolls of summoning
 p - a scroll of fear {unknown}
 t - a scroll of torment {unknown}
 w - a scroll of blinking
 x - a scroll of enchant armour {unknown}
 z - a scroll of enchant weapon {unknown}
Potions
 d - a potion of might
 e - 3 potions of curing
 h - 3 potions of cancellation
 i - 4 potions of degeneration
 l - a potion of heal wounds {unknown}
 q - a potion of haste
 r - a potion of mutation {unknown}
 s - a potion of invisibility {unknown}


   Skills:
 + Level 9.1 Fighting
 + Level 6.7(7.6) Axes
 - Level 5.2(6.8) Polearms
 + Level 9.2 Armour
 + Level 9.1 Shields


You had 8 spell levels left.
You didn't know any spells.
Your spell library contained the following spells:

 Spells                   Type           Power      Damage    Failure   Level
 Shock                    Conj/Air       0%         1d3       100%        1
 Slow                     Hex            0%         N/A       100%        2
 Confusing Touch          Hex            0%         N/A       100%        3
 Stone Arrow              Conj/Erth      0%         3d7       100%        3
 Swiftness                Air            0%         N/A       100%        3
 Airstrike                Air            0%         N/A       100%        4
 Bolt of Magma            Conj/Fire/Erth 0%         4d4       100%        5
 Yara's Violent Unravell  Hex/Tmut       0%         3d3       100%        5
 Conjure Ball Lightning   Conj/Air       0%         3x3d6     100%        6
 Discord                  Hex            0%         N/A       100%        8
 Disjunction              Tloc           0%         N/A       100%        8
 Shatter                  Erth           0%         3d5*      100%        9


Dungeon Overview and Level Annotations

Branches:
Dungeon (8/15)             Temple (1/1) D:6
   Lair: D:8-11

Altars:
Ashenzari
Cheibriados
Fedhas
Hepliaklqana
Makhleb
Nemelex Xobeh
Qazlal
Ru
Sif Muna
Trog
Vehumet
Zin
The Shining One
Beogh

Shops:
D:7 :

Annotations:
D:6 2 transporters, Nanban's ghost, novice DjAE


Innate Abilities, Weirdness & Mutations

You have a pair of horns on your head.
You reflexively headbutt those who attack you in melee.


Message History

You see here a wyvern corpse.
You now have 526 gold pieces (gained 16).
A bullfrog comes into view.
The bullfrog gives a loud, deep croak!
The bullfrog barely misses you. You furiously retaliate!
You headbutt the bullfrog, but do no damage.
Your plate armour prevents you from hitting the bullfrog.
The bullfrog hits you.
The bullfrog hits you but does no damage.
You slice the bullfrog!! Lightning courses through the bullfrog!
You kill the bullfrog!
A centaur warrior comes into view.
The centaur warrior shouts!
The centaur warrior wields a +0 shortbow.
The centaur warrior shoots an arrow.
The arrow hits you.
The centaur warrior shoots an arrow.
The arrow hits you.
The centaur warrior shoots an arrow.
The arrow hits you!!
The centaur warrior shoots an arrow.
You block the arrow.
The centaur warrior shoots an arrow.
The arrow hits you!
The centaur warrior shoots an arrow.
The arrow completely misses you.
The centaur warrior shoots an arrow.
You block the arrow.
The centaur warrior shoots an arrow.
The arrow barely misses you.
The centaur warrior shoots an arrow.
The arrow barely misses you.
The centaur warrior shoots an arrow.
You block the arrow.
The centaur warrior shoots an arrow.
You block the arrow.
The centaur warrior shoots an arrow.
The arrow hits you but does no damage.
The centaur warrior shoots an arrow.
The arrow hits you!
The centaur warrior shoots an arrow.
You block the arrow.
The centaur warrior shoots an arrow.
The arrow hits you!
* * * LOW HITPOINT WARNING * * *
The centaur warrior shoots an arrow.
The arrow hits you but does no damage.
The centaur warrior shoots an arrow.
You block the arrow.
You see here a +0 whip.
The centaur warrior shoots an arrow.
The arrow hits you.
* * * LOW HITPOINT WARNING * * *
The centaur warrior shoots an arrow.
The arrow hits you!
* * * LOW HITPOINT WARNING * * *
The centaur warrior shoots an arrow.
The arrow hits you!!
You die...
Your body disappears without a glow.

#........# #.# . .
#........###c### ...
#........#.....# ####...
##########.....# #... #.
#.....# ####.#
#.)..†####....####
#................#
#.....#...######.##
#.@...#.########..#
#######..........##
#######..#########
##.<.....## ##
#####..#.....# #######.
#...#.##>....####.......
#.................######
#......#......##### #
#...####........########


You could see a centaur warrior.

Vanquished Creatures
  A kobold demonologist (D:5)
  A hornet (D:5)
  Grinder (D:6)
  A wyvern (D:8)
  A steam dragon (D:7)
  Eustachio (D:6)
  Menkaure (D:6)
  Edmund (D:6)
  A water moccasin (D:7)
  A black bear (D:5)
  A necrophage (D:6)
  2 ogres
  The ghost of Nanban the Skirmisher, an amateur HuMo (D:3)
  A phantom (D:5)
  2 bullfrogs
  A water moccasin zombie (D:6)
  4 scorpions
  5 killer bees (D:8)
  A centaur zombie (D:8)
  A bullfrog zombie (D:5)
  3 hounds
  A jelly (D:3)
  Crazy Yiuf (D:2)
  A bullfrog skeleton (D:4)
  2 gnoll shamans (D:5)
  3 orc priests
  An iguana (D:4)
  2 orc wizards (D:5)
  A killer bee zombie (D:4)
  A hound skeleton (D:5)
  14 gnolls
  18 adders
  2 white imps (D:6)
  An adder skeleton (D:4)
  2 worms
  35 orcs
  6 endoplasms
  2 giant cockroaches
  3 goblins
  10 hobgoblins
  9 jackals
  3 quokkas
  13 ball pythons
  7 bats
  2 frilled lizards
  5 kobolds
  A rat (D:2)
178 creatures vanquished.

Vanquished Creatures (others)
  2 orcs (D:7)
  A fungus (D:2)
3 creatures vanquished.

Grand Total: 181 creatures vanquished

Notes
Turn   | Place    | Note
-------+----------+-------------------------------------------
     0 | D:1      | Metae the Minotaur Fighter began the quest for the Orb.
     0 | D:1      | Reached XP level 1. HP: 19/19 MP: 0/0
   185 | D:1      | Reached XP level 2. HP: 25/27 MP: 1/1
   585 | D:1      | Found a faded altar of an unknown god.
   778 | D:2      | Reached XP level 3. HP: 27/33 MP: 2/2
  1079 | D:2      | Reached XP level 4. HP: 41/41 MP: 3/3
  2011 | D:2      | Reached XP level 5. HP: 47/47 MP: 4/4
  2132 | D:2      | Found a runed translucent door.
  2133 | D:2      | Noticed Crazy Yiuf
  2716 | D:3      | Reached skill level 5 in Fighting
  2716 | D:3      | Reached skill level 5 in Armour
  2716 | D:3      | Reached skill level 5 in Shields
  3081 | D:3      | Reached XP level 6. HP: 56/56 MP: 5/5
  3401 | D:3      | Found a runed translucent gate.
  3403 | D:3      | Found a runed translucent gate.
  3404 | D:3      | Found a runed translucent gate.
  3405 | D:3      | Noticed Nanban's ghost (amateur HuMo)
  3406 | D:3      | Identified the +1 ring mail of the Earth {Str+5 Int-2}
  3609 | D:2      | Killed Crazy Yiuf
  4659 | D:4      | Found a stormy altar of Qazlal.
  4664 | D:4      | Noticed a fire elemental
  4666 | D:4      | Noticed a water elemental
  4666 | D:4      | Noticed an air elemental
  4726 | D:4      | Reached skill level 5 in Polearms
  4726 | D:4      | Reached XP level 7. HP: 62/62 MP: 6/6
  4852 | D:3      | Killed Nanban's ghost
  4984 | D:5      | Entered Level 5 of the Dungeon
  5074 | D:5      | Identified the +0 plate armour of Boredom {rC- Int+8 Dex+3
                  | Stlth-}
  5215 | D:5      | Noticed a hornet
  5227 | D:5      | Killed a hornet
  5228 | D:5      | Reached skill level 1 in Axes
  5654 | D:5      | Reached XP level 8. HP: 55/71 MP: 7/7
  5962 | D:5      | Noticed a kobold demonologist
  5966 | D:5      | Noticed a soul eater
  5967 | D:5      | Killed a kobold demonologist
  6690 | D:6      | Noticed Menkaure
  6771 | D:6      | Killed Menkaure
  6806 | D:6      | Noticed Edmund
  6819 | D:6      | Killed Edmund
  6823 | D:6      | Reached skill level 5 in Axes
  6823 | D:6      | Reached XP level 9. HP: 48/81 MP: 8/8
  7289 | D:6      | Noticed Nanban's ghost (novice DjAE)
  7290 | D:6      | Noticed a manticore
  7308 | D:6      | Noticed Grinder
  7318 | D:6      | Killed Grinder
  7355 | D:6      | Found a transporter.
  7358 | D:6      | Found a transporter.
  7630 | D:6      | You fall into a shaft and drop 1 floor!
  7685 | D:7      | Found Zisa's Self-Improvement Boutique.
  7941 | D:6      | Noticed Eustachio
  7960 | D:6      | Killed Eustachio
  7967 | D:6      | Found a staircase to the Ecumenical Temple.
  7977 | Temple   | Entered the Ecumenical Temple
  8131 | Temple   | Became a worshipper of Nemelex Xobeh the Trickster
  9352 | D:8      | Noticed a centaur warrior
  9375 | D:8      | Shot with an arrow by a centaur warrior

Illustrated notes

Levels and vault maps discovered:
D:1:      lemuel_arrival_hallway, layout_loops_ring,
          hellmonk_ecumenical_altar_zigzags
D:2:      kennysheep_six_static_rooms, layout_basic, uniq_crazy_yiuf_cottage
D:3:      layout_rooms, biasface_ghost_orc_armoury, hex_medium,
          corexii_item_surrounded_by_moat, minmay_snake_closets
D:4:      layout_rooms, nicolae_qazlal_style_of_elements
D:5:      layout_layer_cave, chequers_serial_rivers_small_3, nicolae_sextant,
          minmay_circle_x
D:6:      layout_loops_ring, minmay_temple_entry_poolview,
          gammafunk_ghost_arena, corexii_checkpoint_a, uniq_menkaure,
          uniq_grinder, uniq_eustachio, uniq_edmund
D:7:      layout_basic, nicolae_shop_self_help
D:8:      layout_rooms, grunt_temple_overflow_open, special_room
          [special_room_orc]
Temple:   nicolae_temple_x_marks_the_god

Skill      XL: |  1  2  3  4  5  6  7  8  9 |
---------------+----------------------------+-----
Fighting       | 4 5 6 7 9 |  9.1
Polearms       | 3 4 5 |  5.2
Armour         | 4 5 6 8 9 |  9.2
Shields        | 4 5 6 7 9 |  9.1
Axes           | 2 5 6 |  6.7

Action                   |  1- 3 |  4- 6 |  7- 9 || total
-------------------------+-------+-------+-------++-------
Melee: Trident           |    62 |   235 |    17 ||   314
       Headbutt          |    11 |    39 |    38 ||    88
       Broad axe         |       |       |   115 ||   115
       War axe           |       |       |    91 ||    91
  Use: Scroll            |       |     5 |     3 ||     8
       Potion            |       |       |     2 ||     2
Armor: Scale mail        |    32 |    30 |       ||    62
       Chain mail        |       |    33 |       ||    33
       Plate armour      |       |    54 |   159 ||   213
Dodge: Dodged            |    18 |    46 |    69 ||   133
Block: Kite shield       |    30 |   130 |   152 ||   312
